 Dungeon Crawl Stone Soup version 0.27-a0-1193-g8631133539 (console) character file.

Game seed: 12082857806733257384

281581 jejorda2 the Fencer (level 20, -2/164 HPs)
             Began as a Merfolk Berserker on May 25, 2021.
             Was a High Priest of Trog.
             Slain by an orc knight
             ... wielding a +0 battleaxe of holy wrath
              (26 damage)
             ... on level 1 of the Vaults on May 26, 2021.
             The game lasted 02:23:31 (49615 turns).

jejorda2 the Fencer (Merfolk Berserker)            Turns: 49615, Time: 02:23:33

Health: -2/164     AC: 31    Str: 24    XL:     20   Next: 51%
Magic:  14/20      EV: 18    Int: 11    God:    Trog [*****.]
Gold:   4995       SH: 15    Dex: 19    Spells: 19/19 levels left

rFire    + + .     SeeInvis .   a - +6 double sword {vorpal, rPois Dex+2}
rCold    + . .     Faith    +   X - +0 kite shield {reflect}
rNeg     . . .     Spirit   .   m - +2 plate armour of the Gastropod {rElec rF++ Int+3}
rPois    +         Reflect  +   f - +2 helmet
rElec    +         Harm     .   n - +2 cloak {rCorr}
rCorr    +         Rampage  .   K - +2 pair of gloves {Dex+3}
Will     +++..                  Q - +2 pair of boots
Stlth    ..........             B - amulet of faith
HPRegen  1.37/turn              d - ring of protection from cold
MPRegen  0.17/turn              R - +4 ring of evasion

@: marked, strong-willed, on berserk cooldown, regenerating, slowed, very slow
A: (nimble swimmer 2), mertail
}: 2/15 runes: decaying, serpentine
a: Renounce Religion, Berserk, Trog's Hand, Brothers in Arms


You were on level 1 of the Vaults.
You worshipped Trog.
Trog was extremely pleased with you.
You visited 6 branches of the dungeon, and saw 32 of its levels.
You also visited: Bailey and Ice Cave.

You collected 5964 gold pieces.
You spent 969 gold pieces at shops.

Inventory:

Hand Weapons
 a - the +6 double sword "Egg" (weapon) {vorpal, rPois Dex+2}
   (Trog gifted it to you on level 4 of the Lair of Beasts)

   It inflicts extra damage upon your enemies.
   It affects your dexterity (+2).
   It protects you from poison.
 b - a +1 scimitar of flaming
 w - the +5 double sword of Ewkok {antimagic, rPois rC+ Int+2}
   (You acquired it on level 11 of the Dungeon)

   It reduces the magical energy of the wielder, and disrupts the spells and
   magical abilities of those hit.
   Natural abilities and divine invocations are not affected.
   It affects your intelligence (+2).
   It protects you from cold.
   It protects you from poison.
Missiles
 h - 74 poisoned darts
 p - 27 boomerangs
 v - 5 curare-tipped darts
 x - 8 throwing nets
 P - 7 silver javelins (quivered)
Armour
 f - a +2 helmet (worn)
 m - the +2 plate armour of the Gastropod (worn) {rElec rF++ Int+3}
   (You found it on level 5 of the Dungeon)

   It affects your intelligence (+3).
   It greatly protects you from fire.
   It insulates you from electricity.
 n - a +2 cloak of preservation (worn)
 K - a +2 pair of gloves of dexterity (worn)
 Q - a +2 pair of boots (worn)
 X - a +0 kite shield of reflection (worn)
Jewellery
 c - a ring of see invisible
 d - a ring of protection from cold (left hand)
 B - an amulet of faith (around neck)
 R - a +4 ring of evasion (right hand)
Wands
 g - a wand of flame (122)
 k - a wand of paralysis (17)
 y - a wand of polymorph (12)
 F - a wand of mindburst (27)
 J - a wand of acid (7)
 N - a wand of iceblast (23)
Scrolls
 i - 6 scrolls of teleportation
 q - a scroll of holy word
 u - a scroll of summoning
 A - 5 scrolls of blinking
 C - 4 scrolls of fear
 S - 2 scrolls of magic mapping
 U - a scroll of silence
Potions
 j - 4 potions of attraction
 l - 3 potions of invisibility
 o - 6 potions of cancellation
 r - 8 potions of curing
 s - 3 potions of lignification
 z - 3 potions of haste
 D - 3 potions of might
 E - 5 potions of heal wounds
 H - 6 potions of flight
 I - 2 potions of resistance
 L - 7 potions of mutation
 M - 3 potions of ambrosia
Miscellaneous
 t - a lightning rod (4/4)
 V - a phial of floods
 Y - a condenser vane
 Z - a tin of tremorstones (1/2)


   Skills:
 - Level 16.0 Fighting
 - Level 16.0 Long Blades
 - Level 16.0 Throwing
 - Level 12.0 Armour
 - Level 12.0 Dodging
 + Level 16.0 Shields
 - Level 9.0 Evocations


You had 19 spell levels left.
You didn't know any spells.
Your spell library was empty.

Dungeon Overview and Level Annotations

Branches:
Dungeon (15/15)            Temple (0/1) D:5            Lair (6/6) D:8
  Swamp (4/4) Lair:3        Snake (4/4) Lair:4        Slime (0/5) Lair:6
    Orc (2/2) D:11            Elf (0/3) Orc:2        Vaults (1/5) D:14
 Depths (0/5) D:15         Bailey (visited)           IceCv (visited)

Altars:
Fedhas
Makhleb
Qazlal
Uskayaw
Yredelemnul
The Shining One
Jiyva

Shops:
D:2 *   D:7 ?   Orc:2 :*[?:   Snake:1 (=:   Vaults:1 :

Portals:
Abyss: Snake:4
Desolation: Vaults:1

Annotations:
Snake:4 2 transporters, Getoffmy's ghost, adept GrFi
Vaults:1 2 runed translucent doors, Fumalo's ghost, veteran MiBe; Marixus's ghost, adept HOFi


Innate Abilities, Weirdness & Mutations

((You are quick and stealthy near water. (Stealth+, EV+, Speed+++)))
Your lower body shifts to a powerful aquatic tail in water.


Message History

The orc knight closely misses you.
You riposte.
You hit the orc knight but do no damage.
The orc knight is almost dead.
You slice the orc knight!!
You kill the orc knight!
Trog accepts your kill. The deep troll closely misses you.
You block the deep troll's attack.
The deep troll claws you but does no damage.
The deep troll bites you but does no damage.
You block the deep troll's attack.
The deep troll claws you but does no damage.
The deep troll bites you!
* * * LOW HITPOINT WARNING * * *
The deep troll claws you!
* * * LOW HITPOINT WARNING * * *
The deep troll barely misses you.
Training target 9.0 for Evocations reached!
Your Evocations skill increases to level 9!
You barely miss the orc knight. You block the orc knight's attack.
The deep troll barely misses you.
You riposte.
Your plate armour of the Gastropod prevents you from hitting the deep troll.
You block the deep troll's attack.
The deep troll claws you but does no damage.
The deep troll bites you but does no damage.
The deep troll claws you.
* * * LOW HITPOINT WARNING * * *
You block the deep troll's attack.
The tremorstone explodes into fragments!
The burst of rock shards engulfs the deep troll.
The burst of rock shards engulfs you but does no damage.
The burst of rock shards engulfs the deep troll! x3
The burst of rock shards engulfs the deep troll!!
The burst of rock shards engulfs the deep troll.
The burst of rock shards engulfs the deep troll! x2
You kill the deep troll!
Trog accepts your kill.
The burst of rock shards engulfs the orc knight!
The burst of rock shards engulfs you but does no damage.
The orc knight hits you with a +0 battleaxe of holy wrath!!
You die...

,,,+,,,,,,,,,*#......TT..........
,,,***,,,,,,,*#...).)[#..........
,,,* ***,,,,**#.....).###########
,,,*******,,* #.....[.# ,,,+,,*
**** #§....))#******** ****,,***
###§§§§...#,*,,,*,* *,,**,,*
#.§§§.§§..+,**,**,* **,,**,,***
#.§§o§§§§.#...,,,,* ,,**,,**,,*
#.§§@§§§§##....,,,* ,,**,,**,,*
#.§§§T.§§#*....,,,* **,,**,,***
#.§§§§§§§**.##.**,* *,,**,,*
#§§§.§§§.#*,*,,,*,* ***,,***
###§§§,,,#********* *,,* ********
****


You could see an orc knight (strong) and a deep troll.

Vanquished Creatures
  Mara (Snake:4)
  A tentacled monstrosity (Swamp:1)
  2 acid blobs (D:14)
  3 thorn hunters
  Kirke (Lair:4)
  Roxanne (Snake:4)
  5 nagarajas
  Donald (Snake:1)
  A fenstrider witch (Swamp:1)
  Aizul (Snake:2)
  Louise (Swamp:4)
  4 ghouls
  4 ironbound preservers (Vaults:1)
  5 dire elephants (Lair:6)
  4 bunyips
  An ettin (D:15)
  A yaktaur captain (Vaults:1)
  3 eleionomae
  Josephine (D:13)
  2 shambling mangroves
  An ironbound thunderhulk (Vaults:1)
  5 boulder beetles
  Fannar (Lair:3)
  26 hydras
  2 ghost crabs (Swamp:4)
  4 salamander tyrants
  14 naga warriors
  A vault guard (Vaults:1)
  3 catoblepae
  An ogre mage (D:15)
  8 centaur warriors
  An ironbound frostheart (Vaults:1)
  15 anacondas
  7 two-headed ogres
  2 dancing weapons (D:14)
  10 alligators
  4 tengu warriors (D:15)
  5 death yaks (Lair:4)
  An ironbound beastmaster (Vaults:1)
  A spriggan berserker (Swamp:1)
  4 shock serpents
  6 orc high priests (Orc:2)
  Sonja (Lair:2)
  14 naga sharpshooters
  Nergalle (Lair:4)
  4 salamander mystics
  A spectral anaconda (Lair:6)
  A spectral death yak (Lair:6)
  17 deep trolls
  7 goliath frogs
  A spriggan druid (Swamp:2)
  9 swamp dragons
  4 sea snakes
  3 bog bodies
  2 ironbound convokers (Vaults:1)
  5 lindwurms
  A wizard (D:12)
  An obsidian statue (Lair:6)
  6 orc knights
  7 naga ritualists
  5 necromancers
  A deep elf pyromancer (D:14)
  5 orc sorcerers
  9 mana vipers
  3 oklob plants (Lair:1)
  3 manticores
  8 slime creatures (Vaults:1)
  5 ugly things
  14 salamanders
  Maurice (D:10)
  5 cyclopes
  3 will-o-the-wisps
  25 elephants
  42 black mambas
  Joseph (D:10)
  4 guardian serpents
  2 ice statues (IceCv)
  21 naga magi
  19 cane toads
  2 gargoyles
  A torpor snail (Lair:4)
  2 unseen horrors
  2 dire elephant skeletons (Lair:6)
  5 rime drakes
  11 komodo dragons
  A kobold demonologist (D:13)
  An efreet (D:14)
  5 ice devils (IceCv)
  2 tengu conjurers (D:15)
  6 trolls
  3 meliai (D:15)
  8 hornets
  A spectral elephant (Lair:6)
  A bloated husk (Swamp:2)
  18 blink frogs
  A saltling (Vaults:1)
  6 tyrant leeches
  A meliai zombie (D:11)
  6 spriggans
  4 shadows
  9 wyverns
  7 hogs (Lair:4)
  6 wraiths
  64 yaks
  4 basilisks
  Menkaure (D:7)
  A warg (Orc:1)
  20 vampire mosquitoes
  2 spectral cane toads (Lair:6)
  Edmund (D:4)
  61 nagas
  7 acid dragons
  18 swamp worms
  23 water moccasins
  7 swamp drakes
  29 orc warriors
  An ice beast (D:7)
  2 black bears
  2 sky beasts
  3 elephant zombies (Lair:6)
  4 necrophages
  7 ogres
  A boggart (Vaults:1)
  11 centaurs
  3 elephant skeletons (Lair:6)
  9 wolves
  2 phantoms
  A kobold brigand (D:7)
  19 bullfrogs
  Blork the orc (D:4)
  A wyvern zombie (D:9)
  10 gnoll sergeants
  2 scorpions
  A cane toad simulacrum (Lair:6)
  2 water moccasin skeletons
  2 troll zombies (D:11)
  16 killer bees
  4 elephant simulacra (Lair:6)
  3 wights (D:7)
  3 electric eels (D:8)
  6 howler monkeys
  19 centaur zombies
  A draconian simulacrum (IceCv)
  A bullfrog zombie (D:5)
  A centaur skeleton (D:7)
  Crazy Yiuf (D:2)
  29 orc priests
  7 gnoll shamans
  8 hounds
  A bullfrog skeleton (D:7)
  Jessica (D:2)
  Terence (D:2)
  6 hell rats (Lair:6)
  Natasha (D:2)
  5 iguanas
  2 troll simulacra (IceCv)
  18 orc wizards
  2 spriggan simulacra (IceCv)
  A killer bee zombie (D:7)
  A centaur simulacrum (IceCv)
  4 ogre zombies (D:11)
  A hound zombie (D:5)
  A howler monkey zombie (D:7)
  33 gnolls
  A howler monkey skeleton (D:5)
  A naga simulacrum (IceCv)
  4 adders
  3 ogre simulacra (IceCv)
  A shadow imp (D:7)
  An ufetubus (D:5)
  An adder skeleton (D:4)
  2 dart slugs
  60 orcs
  4 ball pythons
  8 endoplasms
  2 giant cockroaches
  10 goblins
  7 hobgoblins
  6 jackals
  6 kobolds
  9 quokkas
  7 bats
  3 frilled lizards
  3 goblin zombies (D:11)
  2 hobgoblin skeletons (D:11)
  An orc skeleton (D:11)
  13 orc zombies (D:11)
  7 rats
1196 creatures vanquished.

Vanquished Creatures (collateral kills)
  Rupert (D:14)
  A thorn hunter (Swamp:1)
  A nagaraja (Snake:4)
  A vault warden (Vaults:1)
  An orc warlord (Vaults:1)
  An ironbound preserver (Vaults:1)
  The ghost of Jempith the Peltast, a journeyman MiFi of Trog (Lair:3)
  A shambling mangrove (Swamp:1)
  A yaktaur captain (Vaults:1)
  A ragged hierophant (Vaults:1)
  A salamander tyrant (Snake:4)
  2 ironbound frosthearts (Vaults:1)
  An anaconda (Snake:3)
  A centaur warrior (D:14)
  A naga sharpshooter (Snake:3)
  3 deep trolls (Vaults:1)
  A death drake (Swamp:1)
  2 naga ritualists
  An obsidian statue (Swamp:1)
  An ironbound convoker (Vaults:1)
  An orc knight (Orc:2)
  3 oklob plants (Lair:1)
  A mana viper (Snake:2)
  A moth of wrath (Lair:3)
  3 black mambas
  2 vault sentinels (Vaults:1)
  2 saltlings (Vaults:1)
  A yak (Lair:3)
  3 nagas
  A water moccasin (Lair:3)
  2 orc warriors (Orc:2)
44 creatures vanquished.

Vanquished Creatures (others)
  A salamander (Snake:3)
  2 bloated husks
  An ogre (D:15)
  A centaur (D:14)
  An orc (D:8)
  3 briar patches (Swamp:4)
  12 foxfires
  44 fungi
  83 plants
  4 toadstools (D:1)
  24 withered plants (Lair:6)
176 creatures vanquished.

Grand Total: 1416 creatures vanquished

Notes
Turn   | Place    | Note
-------+----------+-------------------------------------------
     0 | D:1      | jejorda2 the Merfolk Berserker began the quest for the Orb.
     0 | D:1      | Reached XP level 1. HP: 18/18 MP: 1/1
   355 | D:1      | Found a faded altar of an unknown god.
   486 | D:1      | Reached XP level 2. HP: 14/24 MP: 2/2
  1350 | D:2      | Reached XP level 3. HP: 25/29 MP: 3/3
  1506 | D:2      | Noticed Terence
  1540 | D:2      | Killed Terence
  1541 | D:2      | Reached XP level 4. HP: 37/37 MP: 4/4
  1973 | D:2      | Reached ** piety under Trog
  2156 | D:2      | Noticed Jessica
  2157 | D:2      | Noticed Natasha
  2166 | D:2      | Killed Jessica
  2176 | D:2      | Killed Natasha
  2177 | D:2      | Reached skill level 5 in Long Blades
  2177 | D:2      | Reached XP level 5. HP: 12/42 MP: 5/5
  2598 | D:2      | Found Xibyuwir's Assorted Antiques.
  2604 | D:2      | Bought a bubbling inky potion for 19 gold pieces
  2604 | D:2      | Bought a sedimented emerald potion for 19 gold pieces
  2650 | D:2      | Found a runed translucent door.
  2651 | D:2      | Noticed Crazy Yiuf
  2662 | D:2      | Killed Crazy Yiuf
  3136 | D:3      | Found a stormy altar of Qazlal.
  3186 | D:3      | Reached XP level 6. HP: 33/49 MP: 6/6
  3999 | D:4      | Reached *** piety under Trog
  4288 | D:4      | Noticed Blork the orc
  4305 | D:4      | Killed Blork the orc
  4306 | D:4      | Reached skill level 5 in Fighting
  4306 | D:4      | Reached XP level 7. HP: 56/56 MP: 7/7
  4381 | D:4      | Noticed Edmund
  4387 | D:4      | Killed Edmund
  4571 | D:5      | Entered Level 5 of the Dungeon
  4631 | D:5      | Found a staircase to the Ecumenical Temple.
  4723 | D:5      | Reached XP level 8. HP: 50/64 MP: 8/8
  4938 | D:5      | Identified the +2 plate armour of the Gastropod {rElec rF++
                  | Int+3}
  5200 | D:6      | Identified a scroll of acquirement
  5200 | D:6      | Acquired 1223 gold pieces
  5219 | D:6      | Noticed a troll
  5226 | D:6      | Killed a troll
  5227 | D:6      | Reached skill level 1 in Shields
  5227 | D:6      | Reached XP level 9. HP: 69/69 MP: 9/9
  5449 | D:6      | Reached skill level 10 in Long Blades
  5862 | D:7      | Reached skill level 5 in Armour
  5865 | D:7      | Reached **** piety under Trog
  6581 | D:7      | Found Cefim's Magic Scroll Emporium.
  6588 | D:7      | Bought a scroll of blinking for 97 gold pieces
  6588 | D:7      | Bought a scroll of acquirement for 676 gold pieces
  6588 | D:7      | Acquired 609 gold pieces
  6720 | D:7      | Reached XP level 10. HP: 70/76 MP: 10/10
  6759 | D:7      | Noticed Menkaure
  6770 | D:7      | Killed Menkaure
  7168 | D:8      | Found a blossoming altar of Fedhas.
  7371 | D:8      | Found a staircase to the Lair.
  7463 | D:8      | Found a hide-covered altar of Uskayaw.
  8011 | D:9      | Reached ***** piety under Trog
  8168 | D:9      | Noticed a two-headed ogre
  8176 | D:9      | Killed a two-headed ogre
  8232 | D:9      | Reached XP level 11. HP: 81/81 MP: 11/11
  8766 | D:10     | Entered Level 10 of the Dungeon
  9013 | D:10     | Found a glowing golden altar of the Shining One.
  9119 | D:10     | Received a gift from Trog
  9210 | D:10     | Reached skill level 15 in Long Blades
  9283 | D:10     | Noticed Joseph
  9303 | D:10     | Killed Joseph
  9466 | D:10     | Noticed a two-headed ogre
  9479 | D:10     | Killed a two-headed ogre
  9577 | D:10     | Noticed Maurice
  9717 | D:10     | Killed Maurice
  9924 | D:11     | Acquired the +5 double sword of Ewkok {antimagic, rPois rC+
                  | Int+2}
 10020 | D:11     | Reached skill level 5 in Shields
 10020 | D:11     | Reached XP level 12. HP: 89/89 MP: 4/12
 10256 | D:11     | Found a staircase to the Orcish Mines.
 10997 | D:11     | Found a basalt altar of Yredelemnul.
 11006 | D:11     | Reached skill level 5 in Dodging
 11104 | D:11     | Received a gift from Trog
 11276 | Orc:1    | Entered Level 1 of the Orcish Mines
 11838 | Lair:1   | Entered Level 1 of the Lair of Beasts
 12210 | Lair:1   | Noticed an eight-headed hydra
 12221 | Lair:1   | Killed an eight-headed hydra
 12642 | Lair:1   | Reached XP level 13. HP: 101/101 MP: 4/13
 12670 | Lair:1   | Identified the ring "Aggu" {Contam rF+ rN+ Str+6 Int+3}
 12673 | Lair:1   | Identified Viotis's Tome of Ashen Evil
 12876 | Lair:1   | Reached skill level 10 in Fighting
 13269 | Lair:1   | Reached ****** piety under Trog
 13363 | Lair:1   | Found a blossoming altar of Fedhas.
 13383 | Lair:1   | Received a gift from Trog
 13980 | Lair:2   | Found a frozen archway.
 14028 | IceCv    | Entered an ice cave
 14509 | IceCv    | Identified the +1 scale mail "Jetife" {rF+}
 14510 | IceCv    | Identified the +6 dire flail of Grandeur {pain, rN++ Will+
                  | Dex-2}
 14838 | Lair:2   | Identified the +6 quarterstaff "Vomyf" {drain, rPois rN+
                  | Dex-5}
 14959 | Lair:2   | Noticed Sonja
 14972 | Lair:2   | Killed Sonja
 15346 | Lair:2   | You fall into a shaft and drop 1 floor!
 15357 | Lair:2   | Reached skill level 10 in Shields
 15415 | Lair:2   | Received a gift from Trog
 16163 | Lair:3   | Reached XP level 14. HP: 114/114 MP: 5/14
 16347 | Lair:3   | Noticed Fannar
 16365 | Lair:3   | Killed Fannar
 16584 | Lair:3   | Found a staircase to the Swamp.
 16614 | Lair:3   | Found a transporter.
 16618 | Lair:3   | Noticed Jempith's ghost (journeyman MiFi)
 16698 | Lair:3   | Found a transporter.
 17082 | Lair:3   | Reached skill level 1 in Evocations
 17086 | Lair:3   | Killed Jempith's ghost
 17090 | Lair:3   | Identified the +1 cloak of the Valley {Rampage Int+2}
 17170 | Lair:4   | Found a staircase to the Snake Pit.
 17611 | Lair:4   | Noticed Kirke
 17636 | Lair:4   | Noticed a sphinx
 17644 | Lair:4   | Killed Kirke
 17740 | Lair:4   | Identified the +6 double sword "Egg" {vorpal, rPois Dex+2}
                  | (Trog gifted it to you on level 4 of the Lair of Beasts)
 17740 | Lair:4   | Received a gift from Trog
 18033 | Lair:4   | Noticed Nergalle
 18042 | Lair:4   | Killed Nergalle
 19141 | Lair:5   | Reached skill level 5 in Evocations
 19702 | Lair:5   | Reached XP level 15. HP: 120/120 MP: 15/15
 20142 | Lair:6   | Entered Level 6 of the Lair of Beasts
 20430 | Lair:6   | Received a gift from Trog
 21577 | Lair:6   | Found a staircase to the Slime Pits.
 21578 | Lair:6   | Found a viscous altar of Jiyva.
 21689 | Lair:6   | Reached skill level 15 in Shields
 21899 | Lair:6   | Reached skill level 1 in Throwing
 22384 | Lair:6   | Identified the +4 falchion "Lifebane" {vorpal, rC+ SInv}
                  | (Trog gifted it to you on level 6 of the Lair of Beasts)
 22384 | Lair:6   | Received a gift from Trog
 23078 | Orc:2    | Entered Level 2 of the Orcish Mines
 23078 | Orc:2    | Found a burning altar of Makhleb.
 23562 | Orc:2    | Found a staircase to the Elven Halls.
 23670 | Orc:2    | Found Golasiro's Book Shop.
 23893 | Orc:2    | Received a gift from Trog
 24303 | Orc:2    | Reached XP level 16. HP: 127/127 MP: 5/16
 24692 | Orc:2    | Reached skill level 10 in Dodging
 25399 | Orc:2    | Received a gift from Trog
 25508 | Orc:2    | Reached skill level 5 in Throwing
 25691 | Orc:2    | Found Oceugh's Assorted Antiques.
 25694 | Orc:2    | Found Xele's Magic Scroll Emporium.
 25695 | Orc:2    | Found Utuon's Book Shoppe.
 25696 | Orc:2    | Found Vadeust's Armour Shoppe.
 25706 | Orc:2    | Bought a scroll labelled DOIBUM FEUCE for 35 gold pieces
 25846 | D:7      | Bought a scroll of summoning for 123 gold pieces
 25951 | Swamp:1  | Entered Level 1 of the Swamp
 26255 | Swamp:1  | Found a transporter.
 26255 | Swamp:1  | Noticed a thorn hunter
 26256 | Swamp:1  | Noticed a tentacled monstrosity
 26256 | Swamp:1  | Noticed a thorn hunter
 26442 | Swamp:1  | Noticed a fenstrider witch
 26456 | Swamp:1  | Killed a fenstrider witch
 26872 | Swamp:1  | Identified the +1 robe of Defiance {rPois rF+}
 26873 | Swamp:1  | Found a transporter.
 27107 | Swamp:2  | Identified the +1 leather armour of Conscience {Regen+
                  | Int+3 Dex-2}
 28256 | Swamp:3  | Received a gift from Trog
 28916 | Swamp:3  | Reached skill level 10 in Armour
 29431 | Swamp:4  | Entered Level 4 of the Swamp
 29674 | Swamp:4  | Noticed Louise
 29711 | Swamp:4  | Killed Louise
 29712 | Swamp:4  | Reached XP level 17. HP: 133/133 MP: 5/17
 30577 | Swamp:4  | Received a gift from Trog
 31709 | Swamp:4  | Reached skill level 10 in Throwing
 32157 | Swamp:4  | Got a decaying rune of Zot
 32267 | Snake:1  | Entered Level 1 of the Snake Pit
 33181 | Snake:1  | Found Imnar's Antique Weapon Emporium.
 33184 | Snake:1  | Found Eva Kud's Jewellery Shoppe.
 33186 | Snake:1  | Found Atzuecyff's Book Emporium.
 33253 | Snake:1  | Noticed Donald
 33293 | Snake:1  | Killed Donald
 33298 | Snake:1  | Received a gift from Trog
 34706 | Snake:2  | Reached XP level 18. HP: 59/141 MP: 18/18
 35477 | Snake:2  | Noticed Aizul
 35495 | Snake:2  | Killed Aizul
 35965 | Snake:2  | Received a gift from Trog
 39279 | Snake:4  | Entered Level 4 of the Snake Pit
 39387 | Snake:3  | Received a gift from Trog
 39679 | Snake:4  | Found a transporter.
 39689 | Snake:4  | Found a one-way gate to the infinite horrors of the Abyss.
 39689 | Snake:4  | Noticed Getoffmy's ghost (adept GrFi)
 39707 | Snake:4  | Noticed Mara
 39708 | Snake:4  | Noticed jejorda2's illusion
 40597 | Snake:4  | Noticed jejorda2's illusion
 40606 | Snake:4  | Killed Mara
 40607 | Snake:4  | Identified Roxanne's Grimoire of the Mountains
 40607 | Snake:4  | Noticed Roxanne
 40773 | Snake:4  | Killed Roxanne
 40926 | Snake:4  | Found a transporter.
 40931 | Snake:4  | Noticed a tentacled monstrosity
 40933 | Snake:4  | Identified the +10 shortbow of the Establishment {venom,
                  | rElec rF+ Dex+3 Stlth+}
 41711 | Snake:4  | Reached XP level 19. HP: 154/154 MP: 19/19
 42140 | Snake:4  | Reached skill level 15 in Fighting
 43649 | Snake:4  | Got a serpentine rune of Zot
 43833 | Swamp:1  | Killed a tentacled monstrosity
 45165 | D:13     | Received a gift from Trog
 45639 | D:13     | Noticed Josephine
 45654 | D:13     | Killed Josephine
 46140 | D:14     | Found a flagged portal.
 46149 | Bailey   | Entered a bailey
 46721 | D:14     | Noticed Rupert
 46729 | D:14     | Killed Rupert
 46771 | D:14     | Received a gift from Trog
 47035 | D:14     | Found a transporter.
 47056 | D:14     | Found a transporter.
 47103 | D:14     | Found a gate to the Vaults.
 47291 | D:14     | Reached skill level 15 in Throwing
 47554 | D:14     | Identified the +1 hat of Ususm {rN+ rCorr Int+4}
 47584 | D:15     | Entered Level 15 of the Dungeon
 47696 | D:15     | Found a hide-covered altar of Uskayaw.
 48001 | D:15     | Found a staircase to the Depths.
 48006 | D:15     | Reached XP level 20. HP: 137/164 MP: 20/20
 49147 | Vaults:1 | Entered Level 1 of the Vaults
 49244 | Vaults:1 | Received a gift from Trog
 49324 | Vaults:1 | Found Jotis's Book Emporium.
 49352 | Vaults:1 | Found a large runed translucent door.
 49352 | Vaults:1 | Found a large runed translucent door.
 49352 | Vaults:1 | Noticed Fumalo's ghost (veteran MiBe)
 49352 | Vaults:1 | Noticed Marixus's ghost (adept HOFi)
 49572 | Vaults:1 | Found a ruined gateway.
 49615 | Vaults:1 | Slain by an orc knight

Illustrated notes

Levels and vault maps discovered:
D:1:      ldierk_walled_garden_2, layout_basic, serial_forest,
          infiniplex_forest_clump_diagonal, infiniplex_forest_clump_diagonal,
          infiniplex_forest_clump_cross, infiniplex_forest_lined_corner,
          infiniplex_forest_end_double, infiniplex_forest_clump_small,
          chequers_ecumenical_altar_simple_redux
D:2:      minmay_recursive_quarters, layout_loops_cross, serial_shops,
          nicolae_shop_overgrown_old_shop, uniq_natasha, uniq_terence,
          uniq_crazy_yiuf_cottage, uniq_jessica
D:3:      layout_rooms, nicolae_qazlal_general_emergency, minivault_5
D:4:      layout_rooms, hangedman_decor_opposing, moated_statue, uniq_edmund,
          uniq_blork_the_orc
D:5:      layout_rooms, temple_statues
D:6:      layout_loops_ring, eino_small_chamber_without_monster
D:7:      minmay_angry_zag, layout_basic, serial_shops, shop_fountains,
          grunt_ministairs_13, uniq_menkaure
D:8:      layout_rooms, fedhas_altar_2, nicolae_uskayaw_dance_hall,
          erik_lair_island
D:9:      layout_small_grid
D:10:     layout_loops_ring, nicolae_overflow_hidden_temple, uniq_maurice,
          uniq_joseph
D:11:     layout_loops_ring, zombieorc1_lemuel, nicolae_yredelemnul_corpse_copse
D:12:     layout_basic, chequers_serial_rivers_micro_e
D:13:     layout_roguey, uniq_josephine
D:14:     gammafunk_cloud_chamber, layout_cave_pools, erik_vaults_1,
          hangedman_decor_clover_reticule, serial_column_ruins,
          column_ruins_hut, column_ruins_circle_small, column_ruins_open_medium,
          column_ruins_grid_1, column_ruins_open_small, column_ruins_grid_3,
          column_ruins_columns_T, enter_bailey_8, uniq_rupert
D:15:     hangedman_depths_entry_civil_slaughter, layout_basic,
          lemuel_crystal_altar, hellmonk_bongcloud_opening,
          minmay_strange_pillars, corexii_corridor_pit
Lair:1:   cheibrodos_lair_river_kwai, layout_chaotic_city,
          hangedman_tree_tricks, minmay_lair_oklob_chamber
Lair:2:   layout_concentric_octagons, portal_ice_cave_rime,
          grunt_forest_small_clearings, chequers_serial_rivers_room_b,
          beast_lair_carwin_2, grunt_megastairs_5, uniq_sonja
Lair:3:   layout_loops_ring, minmay_swamp_entry_swarm,
          gammafunk_ghost_berserking_beasts, uniq_fannar
Lair:4:   nzn_motion_control, layout_concentric_octagons,
          minmay_snake_entry_six_corridors, chequers_serial_rivers_micro_d,
          uniq_nergalle, uniq_kirke
Lair:5:   layout_hall_layers, serial_rivers, chequers_serial_rivers_small_b,
          chequers_serial_rivers_micro_c, chequers_serial_rivers_room_a,
          chequers_serial_rivers_large_b, chequers_serial_rivers_room_a,
          chequers_serial_rivers_micro_b, minmay_holes, beast_lair_carwin_5
Lair:6:   due_jungle_book, layout_regular_city, slime_altar_1, ldierk_geyser
Swamp:1:  gammafunk_sealed_arena, layout_basic_swamp,
          evilmike_swamp_ruin_rubble_1
Swamp:2:  layout_basic_swamp, nicolae_swamp_oxbows
Swamp:3:  layout_falls_marsh, nicolae_swamp_triple_paths,
          nicolae_swamp_small_spring
Swamp:4:  swamp, layout_basic_swamp, swamp_pool2, uniq_louise
Snake:1:  layout_rooms, drop_trap, minmay_shop_star, uniq_donald
Snake:2:  layout_onion_interference, abandoned_shop, uniq_aizul
Snake:3:  layout_layer_cave, hangedman_snake_pattern, lemuel_fruit_tree,
          grunt_megastairs_4
Snake:4:  minmay_snake_end_coiled, layout_basic, gammafunk_ghost_abyssal_escape,
          serial_bayou_shore_a, uniq_mara, uniq_roxanne
Orc:1:    layout_caves
Orc:2:    st_orc_pillars, layout_caves, serial_shops, shop, basic_altar
Vaults:1: advil_vaults_ghost_guards, grunt_vaults_diagonal,
          ontoclasm_vaults_ring_square, nicolae_vaults_disjoint_gnomons,
          special_room_vaults [special_room_orc], v_misc_14, v_misc_22,
          ontoclasm_vaults_misaligned, ontoclasm_vaults_chip,
          vaults_mumra_minichess_inversion, vaults_room_hallway, v_misc_25,
          vaults_dpeg_hooks, layout_vaults_maze_snakey,
          portal_desolation_entry_salt, serial_shops,
          nicolae_shop_temple_entry_statues_fountains

Skill      XL: |  1  2  3  4  5  6  7  8  9 10 11 12 13 14 15 16 17 18 19 20 |
---------------+-------------------------------------------------------------+-----
Long Blades    | 4 5 6 7 9 11 14 16 | 16.0
Armour         | 2 3 4 5 6 7 8 10 11 12 | 12.0
Fighting       | 4 5 6 9 11 12 14 16 | 16.0
Shields        | 1 3 4 5 7 10 13 15 16 | 16.0
Dodging        | 3 6 8 9 12 | 12.0
Evocations     | 5 6 7 9 |  9.0
Throwing       | 4 8 11 13 15 16 | 16.0

Action                   |  1- 3 |  4- 6 |  7- 9 | 10-12 | 13-15 | 16-18 | 19-21 || total
-------------------------+-------+-------+-------+-------+-------+-------+-------++-------
Melee: Falchion          |    70 |   150 |       |       |       |       |     8 ||   228
       Long sword        |       |    91 |     1 |       |       |       |       ||    92
       Scimitar          |       |       |   269 |   445 |       |       |     6 ||   720
       Tailslap          |       |       |       |     3 |     7 |    75 |     4 ||    89
       Double sword      |       |       |       |   280 |  1205 |  1462 |   802 ||  3749
       Flail             |       |       |       |     9 |     7 |       |       ||    16
       Demon whip        |       |       |       |       |    36 |   117 |       ||   153
Throw: Dart              |       |       |     4 |     6 |    48 |    40 |    21 ||   119
       Boomerang         |       |       |       |       |       |   102 |    38 ||   140
       Javelin           |       |       |       |       |       |     5 |    15 ||    20
Invok: Berserk           |     2 |     2 |     6 |    11 |    14 |    15 |     5 ||    55
       Trog's Hand       |       |     2 |       |     3 |     7 |     6 |    12 ||    30
       Brothers in Arms  |       |       |       |     2 |     2 |     7 |     8 ||    19
Evoke: Wand              |       |       |       |       |     8 |     1 |     3 ||    12
       Phial of floods   |       |       |       |       |       |     1 |     1 ||     2
       Condenser vane    |       |       |       |       |       |       |     1 ||     1
       Tin of tremorston |       |       |       |       |       |       |     2 ||     2
  Use: Scroll            |       |     9 |     6 |     8 |    11 |     4 |     3 ||    41
       Potion            |       |       |       |       |     3 |     2 |     2 ||     7
 Stab: Sleeping          |     1 |       |       |       |       |       |       ||     1
       Petrified         |       |       |       |       |     4 |       |       ||     4
       Confused          |       |       |       |       |       |     1 |       ||     1
       Distracted        |       |       |       |       |       |     3 |     3 ||     6
Armor: Animal skin       |    15 |       |       |       |       |       |       ||    15
       Plate armour      |    44 |   185 |   184 |   500 |   452 |   616 |   311 ||  2292
Dodge: Dodged            |    35 |    79 |   102 |   231 |   346 |   881 |   436 ||  2110
Block: Buckler           |       |       |    36 |   150 |    15 |       |       ||   201
       Kite shield       |       |       |       |       |   654 |  1285 |   600 ||  2539
       Reflection        |       |       |       |       |       |    50 |    52 ||   102
       Rpst.: Falchion   |     6 |     9 |       |       |       |       |       ||    15
       Long sword        |       |    11 |       |       |       |       |       ||    11
       Scimitar          |       |       |    25 |    29 |       |       |       ||    54
       Double sword      |       |       |       |    28 |    84 |    96 |    90 ||   298

Table legend: (Time is in decaauts)
 A = Elapsed time spent in this place.
 B = Non-inter-level travel time spent in this place.
 C = Inter-level travel time spent in this place.
 D = Time resting spent in this place.
 E = Time spent auto-exploring this place.
 F = Levels seen in this place.
 G = Mean time per level.
                   A        B        C        D        E       F      G
               +--------+--------+--------+--------+--------+-----+--------+
         Total |  48467 |  45353 |   3114 |   7338 |  28796 |  34 | 1425.5 |
       Dungeon |  15945 |  14528 |   1417 |   1061 |  10630 |  15 | 1063.0 |
          Lair |  10718 |   9937 |    781 |   1790 |   6351 |   6 | 1786.3 |
         Swamp |   6079 |   5946 |    133 |   1868 |   2987 |   4 | 1519.8 |
     Snake Pit |  11130 |  10566 |    564 |   1897 |   6415 |   4 | 2782.5 |
  Orcish Mines |   2984 |   2842 |    142 |    503 |   1737 |   2 | 1492.0 |
        Vaults |    418 |    343 |     75 |    115 |      0 |   1 |  418.0 |
        Bailey |    487 |    487 |      0 |      0 |    293 |   1 |  487.0 |
      Ice Cave |    702 |    702 |      0 |    102 |    382 |   1 |  702.0 |
               +--------+--------+--------+--------+--------+-----+--------+

Top non-repeatable levels by time:
 Snake:4: 3478 daAuts
 Snake:3: 3434 daAuts
  Lair:6: 2613 daAuts
 Swamp:3: 2490 daAuts
 Snake:2: 2483 daAuts
   Orc:2: 2256 daAuts
  Lair:1: 2245 daAuts
  Lair:4: 2202 daAuts
     D:2: 1810 daAuts
 Snake:1: 1734 daAuts
    D:11: 1523 daAuts
     D:7: 1433 daAuts
  Lair:2: 1366 daAuts
    D:14: 1338 daAuts
 Swamp:1: 1306 daAuts
